| TOP OF THE 1ST |
|
Waterbury Rough Riders batting - Pitching for Pittsfield Colonials : RHP Robert Vavrock
|
|
Pitching: RHP Robert Vavrock
|
|
|
Batting: RHB David Corman
|
0-0: Ball 1-0: Called Strike 1-1: Called Strike 1-2: Fly out, F8 (Flyball, 8LS, EV 82.5 MPH)
|
|
Batting: RHB Jack Fimple
|
0-0: Ball 1-0: Swinging Strike 1-1: Foul Ball, location: 2F 1-2: Ball 2-2: Foul Ball, location: 2F 2-2: Ball 3-2: Strikes out swinging
|
|
Batting: RHB Billy Beane
|
0-0: Ball 1-0: Ball 2-0: Called Strike 2-1: Ball 3-1: Base on Balls
|
|
Batting: RHB john W Russell
|
0-0: Ball 1-0: Called Strike 1-1: Foul Ball, location: 2F 1-2: Ball Billy Beane steals 2nd base 2-2: Ground out 4-3 (Groundball, 4MS, EV 80.6 MPH)
|
| Top of the 1st over - 0 runs, 0 hits, 0 errors, 1 left on base; Waterbury 0 - Pittsfield 0 |
| BOTTOM OF THE 1ST |
|
Pittsfield Colonials batting - Pitching for Waterbury Rough Riders : RHP Frank Ricci
|
|
Pitching: RHP Frank Ricci
|
|
|
Batting: SHB Allan Wilkerson
|
0-0: Called Strike 0-1: Called Strike 0-2: Foul Ball, location: 2F 0-2: Ball 1-2: Ball 2-2: Foul Ball, location: 2F 2-2: Ball 3-2: Base on Balls
|
|
Batting: SHB Felipe Gracia
|
0-0: Called Strike 0-1: Ball 1-1: Ball 2-1: Called Strike 2-2: Ball 3-2: Foul Ball, location: 2F 3-2: Strikes out swinging
|
|
Batting: LHB Terry Francona
|
0-0: Foul Ball, location: 2F 0-1: SINGLE (Line Drive, 56D, EV 98.8 MPH) Allan Wilkerson to second Runner from 2nd tries for 3rd, SAFE, throw by LF made to third
|
|
Pinch Runner at 3rd James Wojcik:
|
|
|
Batting: SHB Mitch Webster
|
0-0: Ball 1-0: Fly out, F8 (Flyball, 89D, EV 82.5 MPH) Runner from 3rd tags up, OUT at HOME! 8-2
|
| Bottom of the 1st over - 0 runs, 1 hit, 0 errors, 1 left on base; Waterbury 0 - Pittsfield 0 |
| TOP OF THE 2ND |
|
Waterbury Rough Riders batting - Pitching for Pittsfield Colonials : RHP Robert Vavrock
|
|
Now at 2B: James Wojcik
|
|
|
Batting: RHB Gary Skow
|
0-0: Ball 1-0: Ball 2-0: Foul Ball, location: 2F 2-1: Fly out, F7 (Line Drive, 7D, EV 98.1 MPH)
|
|
Batting: LHB David Blume
|
0-0: Swinging Strike 0-1: Called Strike 0-2: Foul Ball, location: 2F 0-2: Strikes out swinging
|
|
Batting: RHB Daniel Purpura
|
0-0: Ball 1-0: Ball 2-0: Foul Ball, location: 2F 2-1: Fly out, F7 (Flyball, 7, EV 86.3 MPH)
|
| Top of the 2nd over - 0 runs, 0 hits, 0 errors, 0 left on base; Waterbury 0 - Pittsfield 0 |
| BOTTOM OF THE 2ND |
|
Pittsfield Colonials batting - Pitching for Waterbury Rough Riders : RHP Frank Ricci
|
|
Batting: LHB Armando Ortiz
|
0-0: Called Strike 0-1: Ball 1-1: Foul Ball, location: 2F 1-2: Ball 2-2: Fly out, F4 (Flyball, 34D, EV 90.0 MPH)
|
|
Batting: RHB Steve Lombardozzi
|
0-0: Called Strike 0-1: Ball 1-1: Ball 2-1: Fly out, F7 (Flyball, 78S, EV 91.3 MPH)
|
|
Batting: SHB David Enos
|
0-0: Swinging Strike 0-1: Foul Ball, location: 2F 0-2: Ball 1-2: Ground out 6-3 (Groundball, 6, EV 101.9 MPH)
|
| Bottom of the 2nd over - 0 runs, 0 hits, 0 errors, 0 left on base; Waterbury 0 - Pittsfield 0 |
| TOP OF THE 3RD |
|
Waterbury Rough Riders batting - Pitching for Pittsfield Colonials : RHP Robert Vavrock
|
|
Batting: RHB Jose Quiroz
|
0-0: Called Strike 0-1: Ball 1-1: Fly out, F8 (Flyball, 8RD, EV 79.4 MPH)
|
|
Batting: RHB Joseph Pocoroba
|
0-0: Ball 1-0: Ball 2-0: Called Strike 2-1: Ground out 4-3 (Groundball, 4, EV 83.1 MPH)
|
|
Batting: RHB David Corman
|
0-0: Ball 1-0: Called Strike 1-1: Foul Ball, location: 2F 1-2: Foul Ball, location: 2F 1-2: Strikes out swinging
|
| Top of the 3rd over - 0 runs, 0 hits, 0 errors, 0 left on base; Waterbury 0 - Pittsfield 0 |
| BOTTOM OF THE 3RD |
|
Pittsfield Colonials batting - Pitching for Waterbury Rough Riders : RHP Frank Ricci
|
|
Batting: LHB Dave Holt
|
0-0: Called Strike 0-1: Foul Ball, location: 2F 0-2: Ground out 5-3 (Groundball, 56, EV 76.3 MPH)
|
|
Batting: RHB Juan Castro
|
0-0: Fly out, F8 (Line Drive, 8LM, EV 94.4 MPH)
|
|
Batting: LHB James Wojcik
|
0-0: Swinging Strike 0-1: Foul Ball, location: 2F 0-2: Ball 1-2: Foul Ball, location: 2F 1-2: Ball 2-2: Foul Ball, location: 2F 2-2: Reached on error, E6 (Groundball, 6M, EV 79.4 MPH)
|
|
Batting: SHB Felipe Gracia
|
0-0: Ball 1-0: Ball 2-0: Ball 3-0: Called Strike 3-1: Base on Balls
|
|
Batting: LHB Terry Francona
|
0-0: Ball 1-0: Ground out 4-3 (Groundball, 4, EV 87.5 MPH)
|
| Bottom of the 3rd over - 0 runs, 0 hits, 1 error, 2 left on base; Waterbury 0 - Pittsfield 0 |
| TOP OF THE 4TH |
|
Waterbury Rough Riders batting - Pitching for Pittsfield Colonials : RHP Robert Vavrock
|
|
Batting: RHB Jack Fimple
|
0-0: Ball 1-0: Fly out, F8 (Line Drive, 8RM, EV 88.1 MPH)
|
|
Batting: RHB Billy Beane
|
0-0: Called Strike 0-1: Foul Ball, location: 2F 0-2: Ball 1-2: SINGLE (Line Drive, 5D, EV 97.5 MPH)
|
|
Batting: RHB john W Russell
|
0-0: Foul Ball, location: 2F 0-1: Ball Billy Beane is caught stealing 2nd base 2-4 1-1: Swinging Strike 1-2: Fly out, F9 (Line Drive, 9D, EV 101.9 MPH)
|
| Top of the 4th over - 0 runs, 1 hit, 0 errors, 0 left on base; Waterbury 0 - Pittsfield 0 |
| BOTTOM OF THE 4TH |
|
Pittsfield Colonials batting - Pitching for Waterbury Rough Riders : RHP Frank Ricci
|
|
Batting: SHB Mitch Webster
|
0-0: Swinging Strike 0-1: DOUBLE (Flyball, 8LXD, EV 90.6 MPH)
|
|
Batting: LHB Armando Ortiz
|
0-0: Swinging Strike 0-1: Ball 1-1: Called Strike 1-2: Ball 2-2: Ball 3-2: Ground out 5-3 (Groundball, 5S, EV 93.1 MPH)
|
|
Batting: RHB Steve Lombardozzi
|
0-0: Foul Ball, location: 2F 0-1: Fly out, F7 (Line Drive, 7, EV 96.3 MPH)
|
|
Batting: SHB David Enos
|
0-0: Ball 1-0: Foul Ball, location: 2F 1-1: Called Strike 1-2: Foul Ball, location: 2F 1-2: Ball 2-2: Ball 3-2: Foul Ball, location: 2F 3-2: Base on Balls
|
|
Batting: LHB Dave Holt
|
0-0: Swinging Strike 0-1: SINGLE (Line Drive, 4D, EV 96.9 MPH) Mitch Webster to third David Enos to second Runner from 3rd tries for Home, throw by RF and OUT! 9-2
|
| Bottom of the 4th over - 0 runs, 2 hits, 0 errors, 2 left on base; Waterbury 0 - Pittsfield 0 |
| TOP OF THE 5TH |
|
Waterbury Rough Riders batting - Pitching for Pittsfield Colonials : RHP Robert Vavrock
|
|
Batting: RHB Gary Skow
|
0-0: Called Strike 0-1: Swinging Strike 0-2: Strikes out looking
|
|
Batting: LHB David Blume
|
0-0: Called Strike 0-1: Foul Ball, location: 2F 0-2: Foul Ball, location: 2F 0-2: Ball 1-2: Strikes out looking
|
|
Batting: RHB Daniel Purpura
|
0-0: Called Strike 0-1: Called Strike 0-2: SINGLE (Line Drive, 4D, EV 101.3 MPH)
|
|
Batting: RHB Jose Quiroz
|
0-0: Foul Ball, location: 2F 0-1: Ball 1-1: Foul Ball, location: 2F 1-2: Ball 2-2: Ball 3-2: Strikes out looking
|
| Top of the 5th over - 0 runs, 1 hit, 0 errors, 1 left on base; Waterbury 0 - Pittsfield 0 |
| BOTTOM OF THE 5TH |
|
Pittsfield Colonials batting - Pitching for Waterbury Rough Riders : RHP Frank Ricci
|
|
Batting: RHB Juan Castro
|
0-0: Ball 1-0: Ball 2-0: Called Strike 2-1: Called Strike 2-2: Foul Ball, location: 2F 2-2: Foul Ball, location: 2F 2-2: Foul Ball, location: 2F 2-2: Ball 3-2: Base on Balls
|
|
Batting: LHB James Wojcik
|
0-0: Grounds into double play, 6-4-3 (Groundball, 6, EV 85.6 MPH)
|
|
Batting: SHB Felipe Gracia
|
0-0: Reached on error, E3 (Groundball, 34, EV 99.4 MPH)
|
|
Batting: LHB Terry Francona
|
0-0: Fly out, F7 (Line Drive, 7D, EV 85.6 MPH)
|
| Bottom of the 5th over - 0 runs, 0 hits, 1 error, 1 left on base; Waterbury 0 - Pittsfield 0 |
| TOP OF THE 6TH |
|
Waterbury Rough Riders batting - Pitching for Pittsfield Colonials : RHP Robert Vavrock
|
|
Batting: RHB Joseph Pocoroba
|
0-0: Swinging Strike 0-1: Ball 1-1: Swinging Strike 1-2: Ball 2-2: Ball 3-2: Foul Ball, location: 2F 3-2: DOUBLE (Line Drive, 78D, EV 102.5 MPH)
|
|
Batting: RHB David Corman
|
0-0: Foul Ball, location: 2F 0-1: Ground out 4-3 (Groundball, 4, EV 100.6 MPH) Joseph Pocoroba to third
|
|
Batting: RHB Jack Fimple
|
0-0: Fly out, F8 (Flyball, 89XD, EV 101.3 MPH) Runner from 3rd tags up, SCORES, no throw by CF
|
|
Batting: RHB Billy Beane
|
0-0: Ball 1-0: Called Strike 1-1: SINGLE (Line Drive, 78M, EV 106.3 MPH)
|
|
Batting: RHB john W Russell
|
0-0: Fly out, F9 (Line Drive, 9D, EV 100.0 MPH)
|
| Top of the 6th over - 1 run, 2 hits, 0 errors, 1 left on base; Waterbury 1 - Pittsfield 0 |
| BOTTOM OF THE 6TH |
|
Pittsfield Colonials batting - Pitching for Waterbury Rough Riders : RHP Frank Ricci
|
|
Batting: SHB Mitch Webster
|
0-0: Ball 1-0: Called Strike 1-1: Ball 2-1: Fly out, F8 (Line Drive, 8LD, EV 88.1 MPH)
|
|
Batting: LHB Armando Ortiz
|
0-0: Called Strike 0-1: Fly out, F8 (Flyball, 8LXD, EV 96.9 MPH)
|
|
Batting: RHB Steve Lombardozzi
|
0-0: Ball 1-0: Ball 2-0: Swinging Strike 2-1: Fly out, F8 (Flyball, 8RS, EV 90.0 MPH)
|
| Bottom of the 6th over - 0 runs, 0 hits, 0 errors, 0 left on base; Waterbury 1 - Pittsfield 0 |
| TOP OF THE 7TH |
|
Waterbury Rough Riders batting - Pitching for Pittsfield Colonials : RHP Robert Vavrock
|
|
Batting: RHB Gary Skow
|
0-0: Swinging Strike 0-1: Swinging Strike 0-2: Strikes out swinging
|
|
Batting: LHB David Blume
|
0-0: Called Strike 0-1: Ball 1-1: Ball 2-1: Called Strike 2-2: Reached on error, E6 (Flyball, 56D, EV 84.4 MPH)
|
|
Batting: RHB Daniel Purpura
|
0-0: Called Strike 0-1: Ball 1-1: Ball 2-1: Ball 3-1: Called Strike 3-2: Foul Ball, location: 2F 3-2: Foul Ball, location: 2F 3-2: Base on Balls David Blume to second
|
|
Batting: RHB Jose Quiroz
|
0-0: Called Strike 0-1: Ball 1-1: Fly out, F9 (Flyball, 9, EV 85.0 MPH)
|
|
Batting: RHB Joseph Pocoroba
|
0-0: Ball 1-0: Ball 2-0: SINGLE (Groundball, 4MD, EV 95.0 MPH) David Blume to third Daniel Purpura to second Runner from 3rd tries for Home, SAFE, throw by CF to home
|
|
Pitching: RHP Dwight Lewis
|
|
|
Batting: RHB David Corman
|
0-0: Ball 1-0: Called Strike 1-1: Fly out, F5 (Line Drive, 5, EV 61.9 MPH)
|
| Top of the 7th over - 1 run, 1 hit, 1 error, 2 left on base; Waterbury 2 - Pittsfield 0 |
| BOTTOM OF THE 7TH |
|
Pittsfield Colonials batting - Pitching for Waterbury Rough Riders : RHP Frank Ricci
|
|
Batting: SHB David Enos
|
0-0: Ball 1-0: Ball 2-0: Ground out 6-3 (Groundball, 6S, EV 87.5 MPH)
|
|
Batting: LHB Dave Holt
|
0-0: Ball 1-0: Called Strike 1-1: Ground out U3 (Groundball, 3S, EV 86.3 MPH)
|
|
Batting: RHB Juan Castro
|
0-0: Called Strike 0-1: Ball 1-1: Ball 2-1: Foul Ball, location: 2F 2-2: Strikes out swinging
|
| Bottom of the 7th over - 0 runs, 0 hits, 0 errors, 0 left on base; Waterbury 2 - Pittsfield 0 |
| TOP OF THE 8TH |
|
Waterbury Rough Riders batting - Pitching for Pittsfield Colonials : RHP Dwight Lewis
|
|
Batting: RHB Jack Fimple
|
0-0: Called Strike 0-1: Foul Ball, location: 2F 0-2: Foul Ball, location: 2F 0-2: Ball 1-2: Foul Ball, location: 2F 1-2: SINGLE (Groundball, 56D, EV 101.9 MPH)
|
|
Batting: RHB Billy Beane
|
0-0: Ball 1-0: Foul Ball, location: 2F 1-1: Fly out, F4 (Popup, 4, EV 71.3 MPH)
|
|
Batting: RHB john W Russell
|
0-0: Foul Ball, location: 2F 0-1: Swinging Strike 0-2: Grounds into double play, 4-6-3 (Groundball, 34, EV 79.4 MPH)
|
| Top of the 8th over - 0 runs, 1 hit, 0 errors, 0 left on base; Waterbury 2 - Pittsfield 0 |
| BOTTOM OF THE 8TH |
|
Pittsfield Colonials batting - Pitching for Waterbury Rough Riders : RHP Frank Ricci
|
|
Batting: LHB James Wojcik
|
0-0: Ground out U3 (Groundball, 34, EV 105.6 MPH)
|
|
Batting: SHB Felipe Gracia
|
0-0: Called Strike 0-1: Ball 1-1: Swinging Strike 1-2: Foul Ball, location: 2F 1-2: Ball 2-2: Strikes out looking
|
|
Batting: LHB Terry Francona
|
0-0: Called Strike 0-1: Foul Ball, location: 2F 0-2: Ball 1-2: Ball 2-2: SINGLE (Line Drive, 5D, EV 98.1 MPH)
|
|
Batting: SHB Mitch Webster
|
0-0: Called Strike 0-1: Ground out 1-3 (Groundball, 15, EV 70.0 MPH)
|
| Bottom of the 8th over - 0 runs, 1 hit, 0 errors, 1 left on base; Waterbury 2 - Pittsfield 0 |
| TOP OF THE 9TH |
|
Waterbury Rough Riders batting - Pitching for Pittsfield Colonials : RHP Dwight Lewis
|
|
Batting: RHB Gary Skow
|
0-0: Swinging Strike 0-1: Foul Ball, location: 2F 0-2: Strikes out swinging
|
|
Batting: LHB David Blume
|
0-0: Ball 1-0: Fly out, F9 (Flyball, 89D, EV 74.4 MPH)
|
|
Batting: RHB Daniel Purpura
|
0-0: Swinging Strike 0-1: Ball 1-1: Foul Ball, location: 2F 1-2: Strikes out swinging
|
| Top of the 9th over - 0 runs, 0 hits, 0 errors, 0 left on base; Waterbury 2 - Pittsfield 0 |
| BOTTOM OF THE 9TH |
|
Pittsfield Colonials batting - Pitching for Waterbury Rough Riders : RHP Frank Ricci
|
|
Batting: LHB Armando Ortiz
|
0-0: Ball 1-0: Called Strike 1-1: Called Strike 1-2: Foul Ball, location: 2F 1-2: Foul Ball, location: 2F 1-2: Reached on error, E6 (Groundball, 6, EV 82.5 MPH)
|
|
Batting: RHB Steve Lombardozzi
|
0-0: Ground out 6-3 (Groundball, P, EV 86.3 MPH) Armando Ortiz to second
|
|
Batting: SHB David Enos
|
0-0: Called Strike 0-1: Ball 1-1: Reached on error, E4 (Groundball, 4, EV 81.9 MPH) Armando Ortiz to third
|
|
Batting: LHB Dave Holt
|
0-0: Grounds into double play, 4-6-3 (Groundball, 34, EV 82.5 MPH)
|
| Bottom of the 9th over - 0 runs, 0 hits, 2 errors, 1 left on base; Waterbury 2 - Pittsfield 0 |
|